AoeStats
← Tinkerbells_t.t

Golden Pit

509829568Analyzed
1v1 RM · 3d ago on Sep 28, 2026· 62m 6s· 2 players
Game mode
Random Map
Map size
Tiny (2 player)
Population
200
Speed
Normal
Resources
Standard
Victory
Conquest
Starting age
Dark Age
Ending age
Imperial Age
RankedLock teamsTeams togetherTeam positionsShared explorationLock speedFull tech treeHidden civsTurbo modeCheats
Victory
Defeat
🇹🇷 Romans · Türkiye
714
+17
🇦🇺 Bulgarians · Australia
739
-17
ersoy_f
10:17 Feudal Age
11:25 Double-Bit Axe
13:46 Man-at-Arms
16:16 Scale Mail Armor
16:52 Forging
17:49 Horse Collar
25:25 Gold Mining
28:09 Castle Age
29:22 Chain Mail Armor
29:29 Squires
32:46 Padded Archer Armor
34:04 Fletching
34:39 Stone Mining
35:39 Gold Shaft Mining
35:14 Bodkin Arrow
37:52 Leather Archer Armor
41:54 Imperial Age
39:45 Long Swordsman
42:34 Bow Saw
43:38 Conscription
49:20 Heavy Plow
55:42 Iron Casting
54:57 Town Watch
58:04 Crop Rotation
58:21 Ballistas
58:51 Scale Barding Armor
59:47 Blast Furnace
60:18 Husbandry
60:29 Bloodlines
60:30 Pikeman
62:38 Ballistics
Tinkerbells_t.t
1:25 Loom
11:03 Feudal Age
14:09 Arson
16:56 Scale Mail Armor
17:06 Forging
25:12 Fletching
31:48 Castle Age
33:00 Gambesons
33:16 Squires
34:28 Double-Bit Axe
35:36 Stone Mining
37:19 Chain Mail Armor
40:21 Gold Mining
40:25 Horse Collar
43:36 Iron Casting
48:14 Gold Shaft Mining
49:44 Bow Saw
50:22 Pikeman
52:59 Bodkin Arrow
53:52 Heavy Plow
55:54 Wheelbarrow
55:05 Town Watch
56:00 Scale Barding Armor
Connection lost

Rejoining the realm…

Still unreachable

The connection could not be restored.

Session expired

The server has moved on; the page needs a fresh start.